| TOP OF THE 1ST |
|
Atlanta Braves batting - Pitching for Arizona Diamondbacks : RHP Marcus Wolfe
|
|
Pitching: RHP Marcus Wolfe
|
|
|
Batting: RHB Jeckel Hester
|
0-0: Called Strike 0-1: Foul Ball, location: 2F 0-2: Ball 1-2: Ball 2-2: Foul Ball, location: 2F 2-2: Fly out, F8 (Flyball, 8RD, EV 98.8 MPH)
|
|
Batting: RHB Kevin Howard
|
0-0: Swinging Strike 0-1: Ball 1-1: Called Strike 1-2: Ball 2-2: Strikes out swinging
|
|
Batting: LHB Erik Gretzky
|
0-0: Swinging Strike 0-1: Ball 1-1: Swinging Strike 1-2: Ball 2-2: DOUBLE (Groundball, 3L, EV 98.8 MPH)
|
|
Batting: RHB Ike Trout
|
0-0: Ball 1-0: Ball 2-0: Ball 3-0: Base on Balls
|
|
Batting: RHB J.J. Powers
|
0-0: Ball 1-0: Called Strike 1-1: Ball Wild Pitch! Erik Gretzky to third Ike Trout to second 2-1: Ball 3-1: Ground out 5-3 (Groundball, 5S, EV 84.4 MPH)
|
| Top of the 1st over - 0 runs, 1 hit, 0 errors, 2 left on base; Atlanta 0 - Arizona 0 |
| BOTTOM OF THE 1ST |
|
Arizona Diamondbacks batting - Pitching for Atlanta Braves : RHP Curt Stevens
|
|
Pitching: RHP Curt Stevens
|
|
|
Batting: RHB Andy Swaim
|
0-0: Swinging Strike 0-1: Swinging Strike 0-2: Strikes out swinging
|
|
Batting: RHB Katilimomi Kelekolio
|
0-0: Called Strike 0-1: SINGLE (Groundball, 4MD, EV 100.0 MPH)
|
|
Batting: SHB Alec Thorpe
|
0-0: Ball 1-0: Fly out, F8 (Flyball, 8RD, EV 100.6 MPH)
|
|
Batting: SHB Perry Tuckfard
|
0-0: Swinging Strike 0-1: Ball 1-1: Foul Ball, location: 2F 1-2: Foul Ball, location: 2F 1-2: Strikes out swinging
|
| Bottom of the 1st over - 0 runs, 1 hit, 0 errors, 1 left on base; Atlanta 0 - Arizona 0 |
| TOP OF THE 2ND |
|
Atlanta Braves batting - Pitching for Arizona Diamondbacks : RHP Marcus Wolfe
|
|
Batting: RHB Xavier Davis
|
0-0: Ball 1-0: Foul Ball, location: 2F 1-1: Ball 2-1: Fly out, F8 (Flyball, 8RS, EV 88.1 MPH)
|
|
Batting: RHB Jared Speck
|
0-0: Ball 1-0: Called Strike 1-1: Foul Ball, location: 2F 1-2: Foul Ball, location: 2F 1-2: Strikes out looking
|
|
Batting: RHB Liangde Li
|
0-0: Ball 1-0: Foul Ball, location: 2F 1-1: Foul Ball, location: 2F 1-2: Strikes out looking
|
| Top of the 2nd over - 0 runs, 0 hits, 0 errors, 0 left on base; Atlanta 0 - Arizona 0 |
| BOTTOM OF THE 2ND |
|
Arizona Diamondbacks batting - Pitching for Atlanta Braves : RHP Curt Stevens
|
|
Batting: LHB Joel Kunkler
|
0-0: Foul Ball, location: 2F 0-1: Ball 1-1: Ball 2-1: Fly out, F9 (Flyball, 9LS, EV 85.0 MPH)
|
|
Batting: LHB Roy Steigerwald
|
0-0: Ground out 4-3 (Groundball, 4, EV 81.2 MPH)
|
|
Batting: SHB Salvador Aragon
|
0-0: Foul Ball, location: 2F 0-1: Foul Ball, location: 2F 0-2: Fly out, F7 (Line Drive, 7S, EV 90.6 MPH)
|
| Bottom of the 2nd over - 0 runs, 0 hits, 0 errors, 0 left on base; Atlanta 0 - Arizona 0 |
| TOP OF THE 3RD |
|
Atlanta Braves batting - Pitching for Arizona Diamondbacks : RHP Marcus Wolfe
|
|
Batting: RHB Tade Post
|
0-0: Foul Ball, location: 2F 0-1: Ball 1-1: Called Strike 1-2: Ball 2-2: Ball 3-2: Base on Balls
|
|
Pitching: RHP Mike Osgood
|
|
|
Batting: RHB Jeckel Hester
|
0-0: Swinging Strike 0-1: Ball 1-1: Foul Ball, location: 2F 1-2: Foul Ball, location: 2F 1-2: SINGLE (Groundball, 4MD, EV 103.1 MPH) Tade Post to second
|
|
Batting: RHB Kevin Howard
|
0-0: Foul Ball, location: 2F 0-1: Called Strike 0-2: Ball 1-2: Foul Ball, location: 2F 1-2: Strikes out swinging
|
|
Batting: LHB Erik Gretzky
|
0-0: Ball 1-0: Ball 2-0: Ball 3-0: Base on Balls Tade Post to third Jeckel Hester to second
|
|
Batting: RHB Ike Trout
|
0-0: Called Strike 0-1: Ball 1-1: Called Strike 1-2: Fly out, F7 (Flyball, 78D, EV 103.1 MPH) Runner from 3rd tags up, SCORES, no throw by LF
|
|
Batting: RHB J.J. Powers
|
0-0: Foul Ball, location: 2F 0-1: Called Strike 0-2: Strikes out looking
|
| Top of the 3rd over - 1 run, 1 hit, 0 errors, 2 left on base; Atlanta 1 - Arizona 0 |
| BOTTOM OF THE 3RD |
|
Arizona Diamondbacks batting - Pitching for Atlanta Braves : RHP Curt Stevens
|
|
Batting: LHB Kyle Beaulieu
|
0-0: Ball 1-0: Ball 2-0: Foul Ball, location: 2F 2-1: Ball 3-1: Foul Ball, location: 2F 3-2: Foul Ball, location: 2F 3-2: Strikes out swinging
|
|
Batting: RHB Bob Najar
|
0-0: Ball 1-0: Ball 2-0: Called Strike 2-1: Ground out 4-3 (Groundball, 34, EV 89.4 MPH)
|
|
Batting: RHB Andy Swaim
|
0-0: Called Strike 0-1: Ball 1-1: Fly out, F6 (Popup, 56D, EV 65.0 MPH)
|
| Bottom of the 3rd over - 0 runs, 0 hits, 0 errors, 0 left on base; Atlanta 1 - Arizona 0 |
| TOP OF THE 4TH |
|
Atlanta Braves batting - Pitching for Arizona Diamondbacks : RHP Mike Osgood
|
|
Batting: RHB Xavier Davis
|
0-0: Ball 1-0: Foul Ball, location: 2F 1-1: Foul Ball, location: 2F 1-2: Ball 2-2: Ball 3-2: Strikes out looking
|
|
Batting: RHB Jared Speck
|
0-0: Ball 1-0: Ground out 6-3 (Groundball, 6MD, EV 111.9 MPH)
|
|
Batting: RHB Liangde Li
|
0-0: Ball 1-0: Foul Ball, location: 2F 1-1: Called Strike 1-2: Strikes out swinging
|
| Top of the 4th over - 0 runs, 0 hits, 0 errors, 0 left on base; Atlanta 1 - Arizona 0 |
| BOTTOM OF THE 4TH |
|
Arizona Diamondbacks batting - Pitching for Atlanta Braves : RHP Curt Stevens
|
|
Batting: RHB Katilimomi Kelekolio
|
0-0: Swinging Strike 0-1: Foul Ball, location: 2F 0-2: Foul Ball, location: 2F 0-2: Ball 1-2: Strikes out swinging
|
|
Batting: SHB Alec Thorpe
|
0-0: Ball 1-0: Foul Ball, location: 2F 1-1: Swinging Strike 1-2: Foul Ball, location: 2F 1-2: Foul Ball, location: 2F 1-2: Foul Ball, location: 2F 1-2: Foul Ball, location: 2F 1-2: Strikes out swinging
|
|
Batting: SHB Perry Tuckfard
|
0-0: Ball 1-0: Fly out, F8 (Flyball, 78XD, EV 92.5 MPH)
|
| Bottom of the 4th over - 0 runs, 0 hits, 0 errors, 0 left on base; Atlanta 1 - Arizona 0 |
| TOP OF THE 5TH |
|
Atlanta Braves batting - Pitching for Arizona Diamondbacks : RHP Mike Osgood
|
|
Pitching: RHP Jeff Whaley
|
|
|
Now at C: Marlon Reda
|
|
|
Now at 3B: Dusty Thompson
|
|
|
Batting: RHB Tade Post
|
0-0: Ball 1-0: Foul Ball, location: 2F 1-1: Called Strike 1-2: Fly out, F7 (Flyball, 7S, EV 90.6 MPH)
|
|
Pinch Hitting: RHB Zheng-ze King
|
0-0: SINGLE (Flyball, 8RS, EV 87.5 MPH)
|
|
Pinch Hitting: RHB Alex Munoz
|
0-0: Called Strike 0-1: Called Strike Zheng-ze King steals 2nd base 0-2: Fly out, F4 (Popup, 4S, EV 88.1 MPH)
|
|
Pinch Hitting: RHB Erik Coleman
|
0-0: DOUBLE (Flyball, 89XD, EV 105.0 MPH) Zheng-ze King scores
|
|
Batting: RHB Ike Trout
|
0-0: Ball 1-0: Ball 2-0: Called Strike 2-1: Ground out 3-1 (Groundball, 13, EV 88.1 MPH)
|
| Top of the 5th over - 1 run, 2 hits, 0 errors, 1 left on base; Atlanta 2 - Arizona 0 |
| BOTTOM OF THE 5TH |
|
Arizona Diamondbacks batting - Pitching for Atlanta Braves : RHP Curt Stevens
|
|
Pitching: RHP Omar Orosco
|
|
|
Now at 1B: John Peterson
|
|
|
Now at 2B: Alex Munoz
|
|
|
Now at 3B: Xavier Davis
|
|
|
Now in LF: Zheng-ze King
|
|
|
Now in CF: Darryl Gonnella
|
|
|
Now in RF: Rich Stinson
|
|
|
Batting: LHB Joel Kunkler
|
0-0: Fly out, F7 (Flyball, 7D, EV 95.6 MPH)
|
|
Batting: LHB Roy Steigerwald
|
0-0: Called Strike 0-1: SOLO HOME RUN (Flyball, 9LD, EV 96.9 MPH), Distance : 352 ft
|
|
Batting: SHB Salvador Aragon
|
0-0: Called Strike 0-1: Ball 1-1: Ball 2-1: SINGLE (Flyball, 9LS, EV 90.0 MPH)
|
|
Batting: LHB Kyle Beaulieu
|
0-0: Ball 1-0: Called Strike 1-1: Foul Ball, location: 2F 1-2: Ball 2-2: Ball 3-2: Strikes out swinging Salvador Aragon is caught stealing 2nd base 2-6 Batter strikes out.
|
| Bottom of the 5th over - 1 run, 2 hits, 0 errors, 0 left on base; Atlanta 2 - Arizona 1 |
| TOP OF THE 6TH |
|
Atlanta Braves batting - Pitching for Arizona Diamondbacks : RHP Jeff Whaley
|
|
Pitching: RHP Jose Fernandez
|
|
|
Now at 1B: Bobby Arevalo
|
|
|
Now at SS: Steve Reinhart
|
|
|
Batting: RHB J.J. Powers
|
0-0: Ball 1-0: Called Strike 1-1: Foul Ball, location: 2F 1-2: Ball 2-2: TRIPLE (Line Drive, 89XD, EV 100.0 MPH)
|
|
Batting: RHB Xavier Davis
|
0-0: Ball 1-0: Called Strike 1-1: Ball 2-1: Fly out, F9 (Flyball, 89S, EV 88.1 MPH) Runner from 3rd tags up, SCORES, throw by RF
|
|
Batting: LHB David Bramble
|
0-0: SINGLE (Groundball, 3D, EV 100.0 MPH)
|
|
Batting: RHB Rich Stinson
|
0-0: Ball 1-0: DOUBLE (Line Drive, 8RXD, EV 108.1 MPH) David Bramble to third
|
|
Batting: RHB Tade Post
|
0-0: Ball 1-0: Foul Ball, location: 2F 1-1: Ball 2-1: Ball 3-1: Swinging Strike 3-2: Strikes out swinging
|
|
Batting: RHB Zheng-ze King
|
0-0: Called Strike 0-1: SINGLE (Line Drive, 6MD, EV 95.6 MPH) David Bramble scores Rich Stinson to third Runner from 3rd tries for Home, SAFE, throw by CF to home Zheng-ze King to second
|
|
Pitching: LHP Mario Valdivia
|
|
|
Batting: RHB Alex Munoz
|
0-0: Ball 1-0: Swinging Strike 1-1: Foul Ball, location: 2F 1-2: Strikes out looking
|
| Top of the 6th over - 3 runs, 4 hits, 0 errors, 1 left on base; Atlanta 5 - Arizona 1 |
| BOTTOM OF THE 6TH |
|
Arizona Diamondbacks batting - Pitching for Atlanta Braves : RHP Omar Orosco
|
|
Batting: RHB Bob Najar
|
0-0: Fly out, F8 (Flyball, 89XD, EV 102.5 MPH)
|
|
Pinch Hitting: RHB Edgar Garcia
|
0-0: Ball 1-0: Swinging Strike 1-1: Foul Ball, location: 2F 1-2: Strikes out swinging
|
|
Batting: RHB Dusty Thompson
|
0-0: Ball 1-0: Foul Ball, location: 2F 1-1: Swinging Strike 1-2: Foul Ball, location: 2F 1-2: Strikes out looking
|
| Bottom of the 6th over - 0 runs, 0 hits, 0 errors, 0 left on base; Atlanta 5 - Arizona 1 |
| TOP OF THE 7TH |
|
Atlanta Braves batting - Pitching for Arizona Diamondbacks : LHP Mario Valdivia
|
|
Pitching: LHP Chris Baran
|
|
|
Now at 2B: Edgar Garcia
|
|
|
Batting: LHB Darryl Gonnella
|
0-0: Ground out U3 (Groundball, 34S, EV 87.5 MPH)
|
|
Batting: RHB John Peterson
|
0-0: Foul Ball, location: 2F 0-1: Foul Ball, location: 2F 0-2: Foul Ball, location: 2F 0-2: Ball 1-2: Strikes out swinging
|
|
Batting: RHB J.J. Powers
|
0-0: Ball 1-0: Ball 2-0: Ball 3-0: Ground out 4-3 (Groundball, 4S, EV 85.0 MPH)
|
| Top of the 7th over - 0 runs, 0 hits, 0 errors, 0 left on base; Atlanta 5 - Arizona 1 |
| BOTTOM OF THE 7TH |
|
Arizona Diamondbacks batting - Pitching for Atlanta Braves : RHP Omar Orosco
|
|
Pitching: RHP Doug Seliger
|
|
|
Batting: RHB Marlon Reda
|
0-0: Ball 1-0: Ball 2-0: Ball 3-0: Called Strike 3-1: Base on Balls
|
|
Batting: LHB Bobby Arevalo
|
0-0: Foul Ball, location: 2F 0-1: Ball 1-1: Swinging Strike 1-2: DOUBLE (Flyball, 78D, EV 100.0 MPH) Marlon Reda to third
|
|
Pinch Hitting: RHB Ji-an Li
|
0-0: Ground out 6-3 (Groundball, 56, EV 85.0 MPH) Marlon Reda scores
|
|
Pinch Hitting: LHB Jeff Densmore
|
0-0: 2-RUN HOME RUN (Flyball, 9D, EV 95.6 MPH), Distance : 373 ft
|
|
Pitching: RHP Troy Hutch
|
|
|
Batting: SHB Warren Eisner
|
0-0: Ball 1-0: Ground out 4-3 (Groundball, 4, EV 105.6 MPH)
|
|
Batting: LHB Steve Reinhart
|
0-0: Foul Ball, location: 2F 0-1: Ground out 6-3 (Groundball, 6M, EV 93.1 MPH)
|
| Bottom of the 7th over - 3 runs, 2 hits, 0 errors, 0 left on base; Atlanta 5 - Arizona 4 |
| TOP OF THE 8TH |
|
Atlanta Braves batting - Pitching for Arizona Diamondbacks : LHP Chris Baran
|
|
Pitching: RHP Cody Savastand
|
|
|
Now in LF: Ji-an Li
|
|
|
Now in RF: Jeff Densmore
|
|
|
Batting: RHB Xavier Davis
|
0-0: Fly out, F9 (Line Drive, 9, EV 95.0 MPH)
|
|
Batting: LHB David Bramble
|
0-0: Ball 1-0: Swinging Strike 1-1: DOUBLE (Flyball, 89XD, EV 101.9 MPH)
|
|
Batting: RHB Rich Stinson
|
0-0: Ball 1-0: Ball 2-0: Foul Ball, location: 2F 2-1: Called Strike 2-2: Strikes out swinging
|
|
Pinch Hitting: LHB Art D'Ascenzo
|
0-0: Ball Wild Pitch! David Bramble to third 1-0: Swinging Strike 1-1: Ball 2-1: Called Strike 2-2: Foul Ball, location: 2F 2-2: Ball 3-2: Foul Ball, location: 2F 3-2: Strikes out swinging
|
| Top of the 8th over - 0 runs, 1 hit, 0 errors, 1 left on base; Atlanta 5 - Arizona 4 |
| BOTTOM OF THE 8TH |
|
Arizona Diamondbacks batting - Pitching for Atlanta Braves : RHP Troy Hutch
|
|
Pitching: RHP Nate Bixler
|
|
|
Now at C: Art D'Ascenzo
|
|
|
Pinch Hitting: LHB Mike Mentzer
|
0-0: Foul Ball, location: 2F 0-1: Swinging Strike 0-2: Ball 1-2: Strikes out swinging
|
|
Batting: RHB Edgar Garcia
|
0-0: Swinging Strike 0-1: Swinging Strike 0-2: Ball 1-2: Strikes out swinging
|
|
Batting: RHB Dusty Thompson
|
0-0: Ball 1-0: Called Strike 1-1: Foul Ball, location: 2F 1-2: SOLO HOME RUN (Flyball, 8LXD, EV 112.5 MPH), Distance : 445 ft
|
|
Batting: RHB Marlon Reda
|
0-0: Ball 1-0: Ball 2-0: Called Strike 2-1: Fly out, F7 (Flyball, 7S, EV 91.9 MPH)
|
| Bottom of the 8th over - 1 run, 1 hit, 0 errors, 0 left on base; Atlanta 5 - Arizona 5 |
| TOP OF THE 9TH |
|
Atlanta Braves batting - Pitching for Arizona Diamondbacks : RHP Cody Savastand
|
|
Pitching: RHP Adam Silbert
|
|
|
Now in CF: Mike Mentzer
|
|
|
Pinch Hitting: LHB Luis Magdaleno
|
0-0: Swinging Strike 0-1: Ground out 1-3 (Groundball, 15S, EV 66.9 MPH)
|
|
Pinch Hitting: RHB Jordan Martin
|
0-0: Fly out, F7 (Flyball, 78M, EV 75.6 MPH)
|
|
Batting: LHB Darryl Gonnella
|
0-0: Called Strike 0-1: Called Strike 0-2: Foul Ball, location: 2F 0-2: Foul Ball, location: 2F 0-2: Fly out, F9 (Line Drive, 9S, EV 92.5 MPH)
|
| Top of the 9th over - 0 runs, 0 hits, 0 errors, 0 left on base; Atlanta 5 - Arizona 5 |
| BOTTOM OF THE 9TH |
|
Arizona Diamondbacks batting - Pitching for Atlanta Braves : RHP Nate Bixler
|
|
Pitching: LHP Shingo Miura
|
|
|
Now at 1B: Jordan Martin
|
|
|
Now at 2B: John Peterson
|
|
|
Now in LF: Luis Magdaleno
|
|
|
Batting: LHB Bobby Arevalo
|
0-0: Called Strike 0-1: Called Strike 0-2: SINGLE (Groundball, 25, EV 68.8 MPH) (infield hit)
|
|
Batting: RHB Ji-an Li
|
0-0: Ball Bobby Arevalo steals 2nd base 1-0: Intentional Walk
|
|
Batting: LHB Jeff Densmore
|
0-0: Called Strike 0-1: SINGLE (Groundball, 13S, EV 76.9 MPH) (infield hit) Bobby Arevalo to third Ji-an Li to second
|
|
Batting: SHB Warren Eisner
|
0-0: Swinging Strike 0-1: Foul Ball, location: 2F 0-2: Ball 1-2: Fly out, F6 (Popup, 6MS, EV 83.8 MPH)
|
|
Batting: LHB Steve Reinhart
|
0-0: Ball 1-0: Called Strike 1-1: Fly out, F8 (Line Drive, 6D, EV 76.2 MPH)
|
|
Batting: LHB Mike Mentzer
|
0-0: Foul Ball, location: 2F 0-1: Ball 1-1: Ball Wild Pitch! Bobby Arevalo scores
|
| Bottom of the 9th over - 1 run, 2 hits, 0 errors, 2 left on base; Atlanta 5 - Arizona 6 |
|